 Dungeon Crawl Stone Soup version 0.21-a0 (webtiles) character file.

2060 Kriby the Destroyer (level 9, -1/51 HPs)
             Began as an Octopode Wizard on May 19, 2017.
             Was a Believer of Vehumet.
             Slain by an ice beast (15 damage)
             ... on level 6 of the Dungeon on May 20, 2017.
             The game lasted 00:17:34 (9485 turns).

Kriby the Destroyer (Octopode Wizard)               Turns: 9485, Time: 00:17:34

Health: -1/51      AC:  1    Str:  6    XL:     9   Next: 25%
Magic:  15/19      EV: 13    Int: 24    God:    Vehumet [**....]
Gold:   169        SH:  0    Dex: 10    Spells: 11/22 levels left

rFire    + + .     SeeInvis .   i - +6 mace (protect)
rCold    x . .     Gourm    .   (no shield)
rNeg     . . .     Faith    .   a - +0 hat
rPois    .         Spirit   .   (no amulet)
rElec    .         Reflect  .   e - ring of fire
rCorr    .         Harm     .   t - ring of protection from fire
MR       .....                  B - ring of stealth
Stlth    ++++......             (no ring)
Regen    0.2/turn               (no ring)
MPRegen  0.2/turn               (no ring)
                                (no ring)
                                (no ring)

@: no status effects
A: almost no armour, stealthy swim, amphibious, 8 rings, constrict 8, camouflage
1, gelatinous body 1
a: Renounce Religion


You were on level 6 of the Dungeon.
You worshipped Vehumet.
Vehumet was pleased with you.
You were not hungry.

You visited 1 branch of the dungeon, and saw 6 of its levels.

You collected 379 gold pieces.
You spent 210 gold pieces at shops.

Inventory:

Hand Weapons
 i - a +6 mace of protection (weapon)
Armour
 a - a +0 hat (worn)
Jewellery
 e - a ring of fire (left tentacle)
 t - a ring of protection from fire (right tentacle)
 B - a ring of stealth (on tentacle)
Wands
 C - a wand of iceblast (5/15)
 F - a wand of flame (6/48)
Scrolls
 d - 2 scrolls of blinking {unknown}
 f - 4 scrolls of remove curse
 h - 4 scrolls of identify
 j - a scroll of enchant weapon {unknown}
 k - a scroll of fog {unknown}
 l - a scroll of immolation {unknown}
 n - a scroll of noise {unknown}
 q - a scroll of amnesia {unknown}
 r - a scroll of fear {unknown}
 v - 2 scrolls of teleportation {unknown}
 y - 3 scrolls of torment {unknown}
Potions
 g - 2 potions of heal wounds
 m - 2 potions of curing
 o - 2 potions of brilliance {unknown}
 p - 2 potions of haste
 s - 2 potions of might {unknown}
 u - 2 potions of agility
 x - 3 potions of berserk rage {unknown}
 z - a potion of mutation
 D - a potion of flight {unknown}
Books
 b - a book of Minor Magic

   Spells                             Type                      Level
   a - Magic Dart                     Conjuration                  1
   b - Blink                          Translocation                2
   c - Call Imp                       Summoning                    2
   d - Slow                           Hexes                        2
   e - Conjure Flame                  Conjuration/Fire             3
   f - Mephitic Cloud                 Conjuration/Poison/Air       3
Comestibles
 c - 5 bread rations
 w - 2 meat rations
 A - 3 fruits


   Skills:
 - Level 2.0 Dodging
 - Level 2.6 Stealth
 + Level 7.0 Spellcasting
 * Level 9.7 Conjurations
 - Level 1.0 Summonings
 - Level 1.0 Translocations


You had 11 spell levels left.
You knew the following spells:

 Your Spells              Type           Power        Failure   Level  Hunger
a - Magic Dart            Conj           ####         1%          1    None
b - Conjure Flame         Conj/Fire      #####...     3%          3    None
c - Call Imp              Summ           ##......     7%          2    None
g - Mephitic Cloud        Conj/Pois/Air  ###.....     5%          3    None
T - Blink                 Tloc           N/A          7%          2    None


Dungeon Overview and Level Annotations

Branches:
Dungeon (6/15)
 Temple: D:4-7

Altars:
Ashenzari
Trog
Vehumet
Wu Jian
Zin

Shops:
D:4 !

Annotations:
D:3 exclusion: downstairs
D:4 exclusion: downstairs


Innate Abilities, Weirdness & Mutations

You cannot wear most types of armour.
You are very stealthy in the water. (Stealth+)
You are amphibious.
You can wear up to eight rings at the same time.
You can use your tentacles to constrict eight enemies at once.
Your skin changes colour to match your surroundings (Stealth+).
Your rubbery body absorbs attacks. (AC +1, EV +1)


Message History

You completely miss the ice beast.
The ice beast is severely wounded.
The ice beast hits you but does no damage.
You hit the ice beast.
The ice beast is almost dead.
The ice beast hits you. The ice beast freezes you!!
You feel a terrible chill!
* * * LOW HITPOINT WARNING * * *
You barely miss the ice beast. Your squeeze misses the ice beast.
The ice beast is almost dead.
The ice beast closely misses you.
The ice beast hits you but does no damage.
There is a large open door here.
Casting: Magic Dart
Confirm with . or Enter, or press ? or * to list all spells.
A shadowy apparition takes form in the air.
Your shadow imp says, "Let's sow disruption!"
The ice beast hits you.
* * * LOW HITPOINT WARNING * * *
The ice beast freezes you!
You feel a terrible chill!
You die...

....# #.#.####.......#...#
....####..............#...#
...>......................+
....######.####.......#...#
##.......)............#...#
###.#########.#.......#####
###.#<......#.##'###
....#.#####.#.##Y######
###......##.....@5.(..# #
#.#...###...........# #
#.#.#...............# .
#.#.#.###.............
#.#.....# #.#####.######
#.###.### #.# ... . . #.#
#.# .... #.#####.## ....
#.#..........#


You could see an ice beast and a friendly shadow imp.

Vanquished Creatures
  3 ice beasts
  2 phantoms
  2 ogres
  2 centaurs
  A water moccasin zombie (D:4)
  A scorpion (D:4)
  2 howler monkeys
  A bullfrog zombie (D:5)
  A crimson imp (D:5)
  A centaur zombie (D:5)
  An orc priest (D:5)
  A hound (D:5)
  3 bullfrog skeletons (D:5)
  2 iguanas (D:4)
  2 orc wizards (D:5)
  8 worker ants
  2 hound skeletons
  13 adders
  4 gnolls
  3 oozes
  3 worms
  5 dart slugs
  5 leopard geckos
  17 orcs
  9 bats
  5 giant cockroaches
  9 goblins
  5 hobgoblins
  9 jackals
  4 quokkas
  3 frilled lizards
  A giant cockroach zombie (D:3)
  A jackal skeleton (D:4)
  3 kobolds
  8 rats
142 creatures vanquished.

Vanquished Creatures (collateral kills)
  The ghost of gorpus the Conjurer, a novice OpWz of Ashenzari (D:5)
  An ogre (D:4)
  A bullfrog (D:6)
  A howler monkey (D:6)
  A crimson imp (D:5)
  A worker ant (D:3)
  A gnoll (D:4)
  A worm (D:5)
  A giant cockroach (D:5)
  2 goblins (D:2)
  A hobgoblin (D:2)
  3 jackals
15 creatures vanquished.

Grand Total: 157 creatures vanquished

Notes
Turn   | Place    | Note
-------+----------+-------------------------------------------
     0 | D:1      | Kriby the Octopode Wizard began the quest for the Orb.
     0 | D:1      | Reached XP level 1. HP: 11/11 MP: 4/4
   256 | D:1      | Reached XP level 2. HP: 17/17 MP: 6/6
   354 | D:1      | Reached skill level 2 in Conjurations
   973 | D:1      | Reached XP level 3. HP: 21/21 MP: 0/7
  1308 | D:1      | Learned a level 2 spell: Blink
  1311 | D:1      | Learned a level 2 spell: Call Imp
  1315 | D:1      | Learned a level 3 spell: Mephitic Cloud
  1725 | D:2      | Reached XP level 4. HP: 27/27 MP: 5/9
  1800 | D:2      | Reached skill level 3 in Conjurations
  1877 | D:2      | Found a glowing silver altar of Zin.
  2765 | D:3      | Found an ornate altar of the Wu Jian Council.
  3003 | D:3      | Reached XP level 5. HP: 23/31 MP: 3/10
  3210 | D:3      | Found a bloodstained altar of Trog.
  3401 | D:3      | Noticed a phantom
  3413 | D:3      | Learned a level 3 spell: Conjure Flame
  3427 | D:3      | Killed a phantom
  3427 | D:3      | Reached skill level 4 in Conjurations
  3427 | D:3      | Reached XP level 6. HP: 34/36 MP: 2/12
  3628 | D:3      | Reached skill level 5 in Conjurations
  3802 | D:3      | Found a radiant altar of Vehumet.
  3861 | D:3      | Became a worshipper of Vehumet
  4682 | D:4      | Reached XP level 7. HP: 41/41 MP: 0/14
  4822 | D:4      | Reached skill level 6 in Conjurations
  4910 | D:4      | Reached skill level 5 in Spellcasting
  5525 | D:4      | Found Asuw's Distillery.
  5533 | D:4      | Bought a potion of curing for 30 gold pieces
  5533 | D:4      | Bought a potion of mutation for 80 gold pieces
  5533 | D:4      | Bought a potion of haste for 100 gold pieces
  5777 | D:4      | Reached skill level 7 in Conjurations
  5777 | D:4      | Reached XP level 8. HP: 46/46 MP: 5/16
  6070 | D:5      | Entered Level 5 of the Dungeon
  6840 | D:5      | Reached * piety under Vehumet
  6840 | D:5      | Offered knowledge of Flame Tongue by Vehumet.
  7060 | D:5      | Reached skill level 8 in Conjurations
  8178 | D:5      | Reached skill level 9 in Conjurations
  8411 | D:5      | Reached XP level 9. HP: 51/51 MP: 14/18
  8700 | D:5      | Noticed gorpus's ghost (novice OpWz)
  8722 | D:5      | Killed gorpus's ghost
  8903 | D:6      | Offered knowledge of Sandblast by Vehumet.
  8970 | D:6      | Found a shattered altar of Ashenzari.
  9196 | D:6      | Reached ** piety under Vehumet
  9485 | D:6      | Slain by an ice beast

Vault maps used:
D:1:      minmay_arrival_doors
D:2:      zin_academy
D:3:      vehumet_crystals, lemuel_round_altar, serial_forest,
          infiniplex_forest_straight_3, infiniplex_forest_diagonal,
          infiniplex_forest_clump_diagonal, infiniplex_forest_clump_medium,
          infiniplex_forest_clump_medium, minmay_misc_feat_iff,
          minmay_misc_feat_room, trog_butcher_becter
D:4:      serial_shops, shop
D:5:      first_bread
D:6:      evilmike_ruin_ashenzari

Skill      XL: |  1  2  3  4  5  6  7  8  9 |
---------------+----------------------------+-----
Conjurations   | 2 3 4 5 7 9 |  9.7
Spellcasting   | 4 5 6 7 |  7.0
Dodging        | |  2.0
Stealth        | |  2.6
Summonings     | |  1.0
Translocations | |  1.0

Action                   |  1- 3 |  4- 6 |  7- 9 || total
-------------------------+-------+-------+-------++-------
Melee: Mace              |     5 |    33 |    76 ||   114
       Constrict         |       |     3 |    17 ||    20
       Tentacles         |       |     2 |     4 ||     6
 Cast: Magic Dart        |    69 |   154 |   186 ||   409
       Call Imp          |     3 |     2 |    57 ||    62
       Mephitic Cloud    |       |     3 |    18 ||    21
       Blink             |       |     2 |     3 ||     5
       Conjure Flame     |       |       |     7 ||     7
  Use: Scroll            |       |     2 |     1 ||     3
       Potion            |       |     1 |     1 ||     2
 Stab: Sleeping          |     2 |       |       ||     2
       Confused          |       |     1 |       ||     1
  Eat: Chunk             |     2 |     9 |    11 ||    22
       Royal jelly       |       |       |     2 ||     2
       Fruit             |       |       |     1 ||     1
Armor: Skin              |     1 |    13 |    25 ||    39
Dodge: Dodged            |    12 |    47 |    61 ||   120
